 BcadrenCrawl: Boulder Brew version 0.05.21-81-gd28e3044bd (webtiles) character file.

Game seed: 6537847246405667986, levelgen mode: deterministic

55 theanonym the Chopper (level 3, -1/28 HPs) Mummified Minotaur. Began on Sept 6, 2021. Slain by a big kobold (3 damage) ... on level 1 of the Dungeon. The game lasted 00:01:17 (941 turns).

theanonym the Chopper (Minotaur Mummy)               Turns: 941, Time: 00:01:18

Health: -1/28      AC:  3    Str: 16    XL:     3 ^: 18
Magic:  4/4        EV: 11    Int: 16    God:
Gold:   44         SH:  0    Dex:  4    Spells: 5/6 levels left

rFire    x . .     Vision   .   a - +0 hatchet
rCold    + . .     Gourm    .   d - +0 hatchet
rNeg     + + +     Faith    .   b - +0 leather armour
rCorr    . . .     Spirit   .   (helmet restricted)
rPois    ∞         Reflect  .   (no cloak)
rElec    .         Harm     .   (no gloves)
MR       .....                  (no boots)
Stlth    +.........             (no amulet)
HPRegen  0.19/turn              (no ring)
MPRegen  0.14/turn              (no ring)

@: no status effects
A: horns, retaliatory headbutt 2, cold resistance 1, negative energy resistance
3, torment resistance, unbreathing, heat vulnerability 1, in touch with death 1,
ancient wisdom
a: no special abilities


Innate Abilities, Weirdness & Mutations

You are immune to poison.
You reflexively attack those that strike you in melee with your horns.
You are cold resistant. (rC+)
You are immune to negative energy. (rN+++)
You are immune to unholy pain and torment.
You can survive without breathing.
You are vulnerable to heat. (rF-)
You are in touch with the powers of death.
You can memorise 50% more levels worth of spells.
You gain random stats at level up more slowly, but gain an extra +1 intelligence each time.


   Skills:
 + Level 1.4 Fighting
 * Level 3.5 Axes & Hammers
 + Level 1.4 Armour
 - Level 3.2 Dodging
 - Level 1.5 Stealth
 - Level 1.4 Spellcasting
 - Level 2.1 Necromancy


You had 5 spell levels left.
You knew the following spells:

 Your Spells              Type           Power        Failure   Level  Hunger
a - Pain                  Hex/Necr       6 (25)       16%         1    N/A

Your spell library contained the following spells:

 Spells                   Type           Power        Failure   Level  Hunger
 Vampiric Draining        Necr           12 (200)     30%         3    N/A
 Pryten's Skeletal Upris  Chrm/Necr      6 (200)      43%         3    N/A
 Animate Dead             Necr           N/A          69%         4    N/A
 Regeneration             Chrm/Necr      Unusable     N/A         3    N/A

Skill      XL: |  1  2 |
---------------+-------+-----
Axes & Hammers | 3 |  3.5
Fighting       | 1 |  1.4
Armour         | 1 |  1.4
Dodging        | |  3.2
Stealth        | |  1.5
Spellcasting   | |  1.4
Necromancy     | |  2.1

Action                   || total
-------------------------++-------
Melee: Hatchet           ||   141
       Unarmed           ||   100
       Headbutt          ||     1
Armor: Leather armour    ||    41
Dodge: Dodged            ||    90

Inventory:

Weapons
 a - a +0 hatchet (weapon)
 d - a +0 hatchet (weapon)
Armour
 b - a +0 leather armour (worn)
Scrolls
 y - a scroll of magic mapping
 B - 2 scrolls of blinking


You were on level 1 of the Dungeon.
You were not hungry.

You visited 1 branch of the dungeon, and saw 2 of its levels.

You collected 44 gold pieces.

Dungeon Overview and Level Annotations

Branches:
Dungeon (2/8)

Altars:

#).......... #........... #######
#........... #.....# #........!..
#.....# #.?......... #.....#
#........... #######.....###
#####...........
..............####..≈≈≈..........
.........[....'.@KK.≈>...........
#######.......####..≈............
# #.....### #............... #
###..## #.....###...#### # ##.##
#.....# #...# # #..# #.....#
#...# ##.## #.....# #...# #..#
#.....# #...# ### ##.## #.....#
#...#


You could see a big kobold and a kobold.

Notes
Turn   | Place    | Note
-------+----------+-------------------------------------------
     0 | D:1      | theanonym the Minotaur Mummy began the quest for the Orb.
     0 | D:1      | Reached XP level 1. HP: 14/14 MP: 1/1
   127 | D:1      | HP: 7/14 [giant cockroach (2)]
   129 | D:1      | Reached skill level 3 in Axes & Hammers
   129 | D:1      | Reached XP level 2. HP: 10/22 MP: 3/3
   217 | D:1      | Reached skill level 1 in Fighting
   217 | D:1      | Reached skill level 1 in Armour
   325 | D:1      | Reached XP level 3. HP: 28/28 MP: 4/4
   919 | D:2      | Noticed a big kobold
   931 | D:1      | HP: 14/28 [big kobold (2)]
   936 | D:1      | HP: 9/28 [big kobold (5)]
   940 | D:1      | HP: 2/28 [big kobold (4)]
   941 | D:1      | Slain by a big kobold

Vanquished Creatures
  A giant cockroach (D:1)
  2 cinder newts (D:1)
  2 dart slugs (D:1)
  2 bats (D:1)
  3 goblins (D:1)
  5 hobgoblins (D:1)
  4 kobolds (D:1)
  2 ball pythons (D:1)
  A rat (D:1)
22 creatures vanquished.

Table legend:
 A = Turns spent in this place as a percentage of turns spent in the entire game.
 B = Non-inter-level travel turns spent in this place as a percentage of non-inter-level travel turns spent in the entire game.
 C = Inter-level travel turns spent in this place as a percentage of turns spent in this place.
 D = Turns resting spent in this place as a percentage of non-inter-level travel turns spent in this place.
 E = Turns spent auto-exploring this place as a percentage of non-inter-level travel turns spent in this place.
 F = Non-inter-level travel turns spent in this place divided by the number of levels of this place that you've seen.
                   A       B       C       D       E      F
               +-------+-------+-------+-------+-------+----------------------
         Total | 100.0 | 100.0 |   4.7 |  11.3 |  66.6 | 448.5
       Dungeon | 100.0 | 100.0 |   4.7 |  11.3 |  66.6 | 448.5
               +-------+-------+-------+-------+-------+----------------------
